 Dungeon Crawl Stone Soup version 0.28-a0-1233-g92def6ad0a (webtiles) character file.

Game seed: 17015542070269291078

29 ChaosChampion the Skirmisher (level 3, 0/39 HPs)
             Began as an Ogre Warper on Dec 23, 2021.
             Frozen to death by an endoplasm (5 damage)
             ... on level 1 of the Dungeon.
             The game lasted 00:01:02 (1809 turns).

ChaosChampion the Skirmisher (Ogre Warper)          Turns: 1809, Time: 00:01:02

Health: 0/39       AC:  3    Str: 17    XL:     3   Next: 16%
Magic:  6/6        EV:  9    Int: 14    God:
Gold:   75         SH:  0    Dex:  8    Spells: 6/6 levels left

rFire   . . .      SeeInvis .   a - +0 mace
rCold   . . .      Faith    .   (no shield)
rNeg    . . .      Spirit   .   b - +0 robe
rPois   .          Reflect  .   (helmet restricted)
rElec   .          Harm     .   (no cloak)
rCorr   .          Rampage  .   (gloves unavailable)
Will    .....                   (boots unavailable)
Stlth   +.........              (no amulet)
HPRegen 0.13/turn               (no ring)
MPRegen 0.10/turn               (no ring)

@: no status effects
A: large, unfitting armour, tough skin 1
a: no special abilities


You were on level 1 of the Dungeon.
You visited 1 branch of the dungeon, and saw 2 of its levels.

You collected 75 gold pieces.

Inventory:

Hand Weapons
 a - a +0 mace (weapon)
Missiles
 d - 5 boomerangs of dispersal (quivered)
 f - 8 boomerangs
Armour
 b - a +0 robe (worn)
Scrolls
 c - a scroll of blinking
 e - a scroll of fear {unknown}
Potions
 g - a potion of curing {unknown}


   Skills:
 * Level 4.1 Fighting
 + Level 2.3 Maces & Flails
 - Level 1.0 Throwing
 - Level 2.1 Dodging
 - Level 2.4 Spellcasting
 - Level 2.6 Translocations


You had 6 spell levels left.
You didn't know any spells.
Your spell library contained the following spells:

 Spells                   Type           Power      Damage    Failure   Level
 Blink                    Tloc           18%        N/A       12%         2
 Gell's Gravitas          Tloc           9%         N/A       22%         3
 Lesser Beckoning         Tloc           9%         N/A       22%         3
 Teleport Other           Tloc           9%         N/A       22%         3
 Manifold Assault         Tloc           9%         N/A       91%         5


Dungeon Overview and Level Annotations

Branches:
Dungeon (2/15)

Altars:


Innate Abilities, Weirdness & Mutations

You are too large for most types of armour.
You have tough skin. (AC +1)


Message History

You closely miss the kobold.
The kobold is heavily wounded.
The endoplasm freezes you.
You are frozen.
The kobold completely misses you.
The endoplasm hits you but does no damage.
The kobold hits you with a +0 club.
You closely miss the kobold.
The kobold is heavily wounded.
The endoplasm freezes you.
You are frozen.
The kobold hits you with a +0 club.
You are too injured to fight recklessly!
You are too injured to fight recklessly!
You are too injured to fight recklessly!
You are too injured to fight recklessly!
You are too injured to fight recklessly!
You are too injured to fight recklessly!
You are too injured to fight recklessly!
You are too injured to fight recklessly!
You are too injured to fight recklessly!
You are too injured to fight recklessly!
You are too injured to fight recklessly!
There is a stone staircase leading up here.
The endoplasm hits you. The kobold hits you with a +0 club.
* * * LOW HITPOINT WARNING * * *
You climb upwards.
There is a stone staircase leading down here.
You barely miss the kobold.
The kobold is heavily wounded.
The endoplasm freezes you.
You are frozen.
* * * LOW HITPOINT WARNING * * *
The kobold closely misses you.
You completely miss the kobold.
The kobold is heavily wounded.
The endoplasm hits you but does no damage.
The kobold hits you with a +0 club.
* * * LOW HITPOINT WARNING * * *
The endoplasm freezes you.
You are frozen.
You die...

#...###...###.#.....#
####.#..#####.##...##
##.#.......###.##
#.######### #.#
##.### #.# #....#
##+## #..#.# ##...##
#.K#.# ##.....#
#@.#.### ##.......
#.J....###..).....
#........'........
#......###........
####..## ##.......
##.# ##.....# #.#
##...## #.# ##+## #.#
#.#


You could see an endoplasm and a kobold.

Vanquished Creatures
  2 dart slugs (D:1)
  An endoplasm (D:1)
  2 giant cockroaches (D:1)
  A hobgoblin (D:1)
  3 jackals
  3 kobolds (D:1)
  A quokka (D:1)
  6 ball pythons
  A frilled lizard (D:1)
  2 rats (D:1)
22 creatures vanquished.

Notes
Turn   | Place    | Note
-------+----------+-------------------------------------------
     0 | D:1      | ChaosChampion the Ogre Warper began the quest for the Orb.
     0 | D:1      | Reached XP level 1. HP: 22/22 MP: 3/3
   286 | D:1      | Reached skill level 3 in Fighting
   384 | D:1      | Reached XP level 2. HP: 23/31 MP: 5/5
  1242 | D:2      | Reached skill level 4 in Fighting
  1256 | D:1      | Reached XP level 3. HP: 6/39 MP: 6/6
  1809 | D:1      | Frozen to death by an endoplasm

Illustrated notes

Levels and vault maps discovered:
D:1:      dpeg_arrival_orchard, layout_loops_corners
D:2:      layout_rooms, minmay_bisected

Skill      XL: |  1  2 |
---------------+-------+-----
Fighting       | 3 4 |  4.1
Maces & Flails | 2 |  2.3
Throwing       | |  1.0
Dodging        | |  2.1
Spellcasting   | |  2.4
Translocations | |  2.6

Action                   || total
-------------------------++-------
Melee: Mace              ||    90
 Stab: Sleeping          ||     2
Armor: Robe              ||    42
Dodge: Dodged            ||    57

Table legend: (Time is in decaauts)
 A = Elapsed time spent in this place.
 B = Non-inter-level travel time spent in this place.
 C = Inter-level travel time spent in this place.
 D = Time resting spent in this place.
 E = Time spent auto-exploring this place.
 F = Levels seen in this place.
 G = Mean time per level.
                   A        B        C        D        E       F      G
               +--------+--------+--------+--------+--------+-----+--------+
         Total |   1836 |   1758 |     78 |    451 |   1100 |   2 |  918.0 |
       Dungeon |   1836 |   1758 |     78 |    451 |   1100 |   2 |  918.0 |
               +--------+--------+--------+--------+--------+-----+--------+

Top non-repeatable levels by time:
     D:1: 1777 daAuts
     D:2: 58 daAuts
